 Dungeon Sprint DCSS version 0.30.1 (webtiles) character file.

Game seed: 9085872257653504520

14400000 Groucho the Axe Maniac (level 27, -72/198 (228) HPs)
             Began as a Djinni Warper on July 7, 2023.
             Was the Champion of Makhleb.
             Killed from afar by a wretched soul (95 damage)
             ... with a bolt of negative energy
             ... in the Dungeon (Sprint VIII: "Arena of Blood").
             The game lasted 00:05:46 (144 turns).

Groucho the Axe Maniac (Djinni Warper)               Turns: 144, Time: 00:05:46

HP:   -72/198 (228) AC:  6    Str: 10    XL:     27
Gold: 0             EV: 29    Int: 24    God:    Makhleb [******] SH:  0 Dex: 18

rFire   + + .        i - +∞ Axe of Woe
rCold   x . .        (shield currently unavailable)
rNeg    . . .        b - +0 leather armour
rPois   ∞            (no helmet)
rElec   .            (no cloak)
rCorr   .            (no gloves)
SInv    +            (boots unavailable)
Will    ++...        (no amulet)
Stlth   +++++++++    g - ring of see invisible
HPRegen 0.53/turn    (no ring)
MPRegen 0.00/turn

%: no teleportation, infuse magic (-73 HP)
@: flying, slowed, heavily drained, very slow
A: sickness immunity, fire resistance 2, cold vulnerability 1, float, innate
caster, HP casting, extra vitality 1
a: Renounce Religion, Minor Destruction, Lesser Servant of Makhleb, Major
Destruction, Greater Servant of Makhleb


You were in the Dungeon.
You worshipped Makhleb.
Makhleb was exalted by your worship.
You visited 1 branch

Inventory:

Hand Weapons
 a - a +0 hand axe
 i - the +∞ Axe of Woe (weapon)
   (You found it in the Dungeon)
Missiles
 d - 7 boomerangs of dispersal
Armour
 b - a +0 leather armour (worn)
Jewellery
 g - a ring of see invisible (left hand)
 j - a +30 ring of slaying
 k - a +30 ring of slaying
 l - a +100 ring of slaying
 m - a +100 ring of slaying
 n - a +200 ring of slaying
 o - a +200 ring of slaying
 p - a +200 ring of slaying
 q - a +200 ring of slaying
 r - a +250 ring of slaying
 s - a +250 ring of slaying
Potions
 e - a potion of curing
 f - a potion of heal wounds
 h - a potion of berserk rage


   Skills:
 O Level 27 Fighting
 O Level 27 Short Blades
 O Level 27 Long Blades
 O Level 27 Axes
 O Level 27 Maces & Flails
 O Level 27 Polearms
 O Level 27 Staves
 O Level 27 Ranged Weapons
 O Level 27 Throwing
 O Level 27 Armour
 O Level 27 Dodging
 O Level 27 Stealth
 O Level 27 Shields
 O Level 27 Unarmed Combat
 O Level 27 Spellcasting
 O Level 27 Invocations
 O Level 27 Evocations


You knew the following spells:

 Your Spells              Type           Power      Damage    Failure   Level
a - Blink                 Tloc           100%       N/A       0%          2
b - Lesser Beckoning      Tloc           100%       N/A       0%          2
c - Vhi's Electric Charg  Tloc/Air       100%       N/A       0%          3
d - Teleport Other        Tloc           100%       N/A       0%          3
e - Manifold Assault      Tloc           100%       N/A       0%          4
f - Foxfire               Conj/Fire      100%       2x1d9     0%          1
g - Wereblood             Tmut           100%       N/A       0%          2
h - Stone Arrow           Conj/Erth      100%       3d13      0%          3
i - Confusing Touch       Hex            100%       N/A       0%          3
j - Silence               Hex/Air        52%        N/A       0%          5
k - Fireball              Conj/Fire      52%        3d20      0%          5
l - Starburst             Conj/Fire      52%        6d14      0%          6
m - Storm Form            Tmut/Air       52%        N/A       0%          7
n - Enfeeble              Hex            52%        N/A       0%          7
o - Necromutation         Tmut/Necr      52%        N/A       1%          8
p - Disjunction           Tloc           52%        N/A       1%          8
q - Infestation           Necr           52%        N/A       1%          8
r - Fire Storm            Conj/Fire      52%        8d13      1%          9
Your spell library was empty.

Dungeon Overview and Level Annotations

Branches:
Dungeon (1/1)

Altars:
Makhleb

Annotations:
D The Captor


Innate Abilities, Weirdness & Mutations

You are immune to sickness and miasma.
You are immune to poison.
Your flesh is very heat resistant. (rF++)
You are vulnerable to cold. (rC-)
You float through the air rather than walking.
You learn spells naturally, not from books.
Your magical power is your life essence.
You have superior vitality. (+4 MHP)


Message History

You kill the tentacled monstrosity!
The tentacled monstrosity disappears in a puff of smoke!
The destroyer appears out of thin air!
A destroyer comes into view. It is wielding a +9 heavy great sword.
You hear a shout! x3
A scourge comes into view.
The dread calls on the powers of darkness!
The meat berserker convulses!
The Captor convulses!
Your body is wracked with pain!
The fleshlord convulses!
The bag of meat convulses!
The eight-headed meat hydra convulses!
The bag of meat convulses! x3; The scourge convulses!
The fleshlord convulses!
The scourge convulses!
The bag of meat convulses!
The fleshlord convulses!
A bag of meat comes into view. It is wielding a +9 war axe.
The fleshlord points at you and mumbles some strange words.
You barely resist.
You hear a shout!
An observer comes into view.
A meat berserker comes into view. It is wielding a +9 battleaxe.
You hear a shout!
The eight-headed meat hydra calls on the powers of darkness!
The eight-headed meat hydra convulses!
The bag of meat convulses! x3
The fleshlord convulses!
The scourge convulses!
The bag of meat convulses!
Your body is wracked with pain!
* * * LOW HITPOINT WARNING * * *
The fleshlord convulses! x2; The meat berserker convulses!
The bag of meat convulses!
The Captor convulses!
The scourge convulses!
The dread calls on the powers of darkness!
The bag of meat convulses!
The observer convulses!
The observer turns its gaze towards you.
The bag of meat convulses!
The scourge convulses!
The fleshlord convulses!
The scourge convulses!
The Captor convulses!
The meat berserker convulses!
Your body is wracked with pain!
* * * LOW HITPOINT WARNING * * *
The wretched soul breathes negative energy at you.
The bolt of negative energy hits the destroyer.
The destroyer completely resists.
The destroyer shouts!
The bolt of negative energy hits you!!!!
You feel drained.
You die... .... .. oW.

...G. #o. ..S# .
#..) .pS# .
..@###z.) .☼.###z.
§.).).V.###☼°...S
#)O..WW.O○☼○)....
...W..#V)○○○# ..
...GoV#_)@☼○#....
....)§#))○○L#....
#)§..oD))_Xoo.O....
pop...)V###).S.....
§..###o).).)X###...
.....#.p)....#..)..
.....#p)).o..#...
.)...)).....)o)).
....p)........†..


You could see a tyrant (fast), an eight-headed meat hydra, 3 destroyers, an
observer (fast, invisible), 4 scourges, 4 fleshlords, 2 sculptors of flesh, 2
large abominations, 2 dreads, 2 meat berserkers, a wretched soul (invisible),
The Captor and 7 bags of meat.

Vanquished Creatures
  10 hell knights (D)
  9 hell beasts (D)
  7 royal mummies (D)
  11 great orbs of eyes (D)
  5 wraiths (D)
  14 vampire knights (D)
  41 ogres (D)
  5 two-headed ogres (D)
  8 liches (D)
  3 hydras (D)
  5 phantoms (D)
  69 orcs (D)
  9 skeletal warriors (D)
  5 sea snakes (D)
201 creatures vanquished.

Notes
Turn   | Place    | Note
-------+----------+-------------------------------------------
     0 | D        | Found the +∞ Axe of Woe
     0 | D        | Groucho the Djinni Warper began the quest for the Orb.
     0 | D        | Groucho set off with the following spells memorised: Blink,
                  | Lesser Beckoning, Vhi's Electric Charge, Teleport Other,
                  | Manifold Assault.
     0 | D        | Reached XP level 1. HP: 18/18 MP: 0/0
     2 | D        | Noticed a bag of meat
     3 | D        | Noticed a meat berserker
     4 | D        | Became a worshipper of Makhleb the Destroyer
     4 | D        | Noticed a bag of meat
     5 | D        | Noticed a bag of meat
     6 | D        | Noticed a meat berserker
     7 | D        | Noticed a bag of meat
     8 | D        | Killed a meat berserker
     8 | D        | Killed a bag of meat
     8 | D        | Reached * piety under Makhleb
     8 | D        | Noticed a meat berserker
     8 | D        | Noticed a bag of meat
     8 | D        | Noticed a bag of meat
     9 | D        | Reached XP level 2. HP: 23/23 MP: 0/0
     9 | D        | Reached XP level 3. HP: 28/28 MP: 0/0
     9 | D        | Learned a level 1 spell: Foxfire
     9 | D        | Reached XP level 4. HP: 33/33 MP: 0/0
     9 | D        | Reached XP level 5. HP: 38/38 MP: 0/0
     9 | D        | Learned a level 2 spell: Wereblood
     9 | D        | Reached XP level 6. HP: 43/43 MP: 0/0
     9 | D        | Reached XP level 7. HP: 49/49 MP: 0/0
     9 | D        | Learned a level 3 spell: Stone Arrow
     9 | D        | Reached XP level 8. HP: 54/54 MP: 0/0
     9 | D        | Reached XP level 9. HP: 58/58 MP: 0/0
     9 | D        | Learned a level 3 spell: Confusing Touch
     9 | D        | Reached XP level 10. HP: 64/64 MP: 0/0
     9 | D        | Reached XP level 11. HP: 68/68 MP: 0/0
     9 | D        | Learned a level 5 spell: Silence
     9 | D        | Reached XP level 12. HP: 74/74 MP: 0/0
     9 | D        | Reached XP level 13. HP: 78/78 MP: 0/0
     9 | D        | Learned a level 5 spell: Fireball
     9 | D        | Killed a meat berserker
     9 | D        | Noticed a meat berserker
    10 | D        | Reached XP level 14. HP: 85/85 MP: 0/0
    10 | D        | Killed a meat berserker
    11 | D        | Reached skill level 15 in Spellcasting
    12 | D        | Killed a bag of meat
    12 | D        | Reached ** piety under Makhleb
    13 | D        | Reached XP level 15. HP: 89/89 MP: 0/0
    13 | D        | Learned a level 6 spell: Starburst
    14 | D        | Killed a meat berserker
    14 | D        | Noticed a meat berserker
    16 | D        | Reached *** piety under Makhleb
    17 | D        | Reached XP level 16. HP: 94/94 MP: 0/0
    18 | D        | Reached skill level 27 in Axes
    20 | D        | Reached **** piety under Makhleb
    21 | D        | Reached skill level 27 in Dodging
    21 | D        | Killed a meat berserker
    22 | D        | Reached XP level 17. HP: 99/99 MP: 0/0
    22 | D        | Learned a level 7 spell: Storm Form
    23 | D        | Noticed a meat berserker
    23 | D        | Noticed a meat berserker
    24 | D        | Reached ***** piety under Makhleb
    24 | D        | Noticed a meat berserker
    25 | D        | Noticed a large bag of meat
    25 | D        | Noticed a destroyer
    25 | D        | Noticed a large bag of meat
    25 | D        | Noticed a destroyer
    26 | D        | Reached skill level 27 in Spellcasting
    27 | D        | Reached skill level 5 in Fighting
    27 | D        | Reached skill level 5 in Invocations
    27 | D        | Reached XP level 18. HP: 114/114 MP: 0/0
    27 | D        | Killed a meat berserker
    27 | D        | Noticed a meat berserker
    28 | D        | Reached skill level 15 in Armour
    28 | D        | Reached skill level 10 in Invocations
    28 | D        | Noticed a meat berserker
    29 | D        | Reached XP level 19. HP: 141/141 MP: 0/0
    29 | D        | Learned a level 7 spell: Enfeeble
    29 | D        | Killed a destroyer
    29 | D        | Reached ****** piety under Makhleb
    29 | D        | Noticed a meat berserker
    29 | D        | Noticed a destroyer
    30 | D        | Killed a meat berserker
    30 | D        | Noticed a meat berserker
    31 | D        | Reached skill level 27 in Armour
    31 | D        | Reached XP level 20. HP: 162/162 MP: 0/0
    32 | D        | Killed a destroyer
    33 | D        | Reached skill level 27 in Fighting
    33 | D        | Reached skill level 27 in Invocations
    33 | D        | Reached XP level 21. HP: 187/187 MP: 0/0
    33 | D        | Learned a level 8 spell: Necromutation
    33 | D        | Noticed a large bag of meat
    33 | D        | Killed a large bag of meat
    34 | D        | Killed a meat berserker
    35 | D        | Killed a meat berserker
    35 | D        | Noticed a large bag of meat
    36 | D        | Reached XP level 22. HP: 194/194 MP: 0/0
    36 | D        | Killed a large bag of meat
    36 | D        | Noticed a meat berserker
    37 | D        | Killed a meat berserker
    37 | D        | Killed a destroyer
    38 | D        | Reached skill level 27 in Stealth
    38 | D        | Reached skill level 27 in Unarmed Combat
    38 | D        | Reached skill level 5 in Short Blades
    38 | D        | Reached skill level 5 in Long Blades
    38 | D        | Reached skill level 5 in Staves
    38 | D        | Reached skill level 5 in Throwing
    38 | D        | Reached skill level 5 in Shields
    38 | D        | Reached skill level 5 in Evocations
    38 | D        | Reached XP level 23. HP: 201/201 MP: 0/0
    38 | D        | Learned a level 8 spell: Disjunction
    38 | D        | Killed a large bag of meat
    38 | D        | Noticed a destroyer
    38 | D        | Noticed a destroyer
    40 | D        | Reached skill level 10 in Short Blades
    40 | D        | Reached skill level 10 in Long Blades
    40 | D        | Reached skill level 10 in Staves
    40 | D        | Noticed a destroyer
    41 | D        | Noticed a destroyer
    42 | D        | Reached skill level 10 in Maces & Flails
    42 | D        | Reached skill level 10 in Polearms
    42 | D        | Reached skill level 10 in Ranged Weapons
    42 | D        | Reached skill level 10 in Throwing
    42 | D        | Noticed a destroyer
    43 | D        | Reached XP level 24. HP: 208/208 MP: 0/0
    43 | D        | Noticed a destroyer
    43 | D        | Killed a destroyer
    43 | D        | Noticed a destroyer
    44 | D        | Reached skill level 15 in Shields
    44 | D        | Reached skill level 15 in Evocations
    45 | D        | Killed a destroyer
    45 | D        | Noticed a destroyer
    46 | D        | Reached skill level 15 in Short Blades
    46 | D        | Reached skill level 15 in Long Blades
    46 | D        | Reached skill level 15 in Staves
    46 | D        | Killed a destroyer
    47 | D        | Reached skill level 15 in Throwing
    47 | D        | Reached XP level 25. HP: 214/214 MP: 0/0
    47 | D        | Learned a level 8 spell: Infestation
    47 | D        | Killed a large bag of meat
    48 | D        | Reached skill level 15 in Maces & Flails
    48 | D        | Reached skill level 15 in Polearms
    48 | D        | Reached skill level 15 in Ranged Weapons
    48 | D        | Killed a destroyer
    48 | D        | Killed a destroyer
    48 | D        | Noticed a tyrant
    48 | D        | Noticed a tyrant
    51 | D        | Reached XP level 26. HP: 217/221 MP: 0/0
    51 | D        | Killed a destroyer
    53 | D        | Killed a destroyer
    54 | D        | Noticed an accursed
    55 | D        | Killed a destroyer
    56 | D        | Reached XP level 27. HP: 226/228 MP: 0/0
    56 | D        | Learned a level 9 spell: Fire Storm
    58 | D        | Noticed an accursed
    58 | D        | Killed a tyrant
    60 | D        | Noticed an accursed
    60 | D        | Killed an accursed
    61 | D        | Noticed a dread
    63 | D        | Killed a tyrant
    64 | D        | Reached skill level 27 in Shields
    64 | D        | Reached skill level 27 in Evocations
    65 | D        | Killed a dread
    65 | D        | Killed an accursed
    66 | D        | Reached skill level 27 in Short Blades
    66 | D        | Reached skill level 27 in Long Blades
    66 | D        | Reached skill level 27 in Staves
    66 | D        | Killed an accursed
    67 | D        | Reached skill level 27 in Maces & Flails
    67 | D        | Reached skill level 27 in Polearms
    67 | D        | Reached skill level 27 in Ranged Weapons
    67 | D        | Reached skill level 27 in Throwing
    68 | D        | Noticed a tyrant
    69 | D        | Noticed a destroyer
    69 | D        | Noticed a meat beast
    70 | D        | Killed a tyrant
    70 | D        | Killed a meat beast
    71 | D        | Noticed a meat beast
    73 | D        | Killed a destroyer
    73 | D        | Noticed a tyrant
    75 | D        | Killed a tyrant
    77 | D        | Killed a meat beast
    79 | D        | Noticed a dread
    80 | D        | Noticed a meat beast
    83 | D        | Killed a meat beast
    84 | D        | Noticed a meat beast
    85 | D        | Noticed a tyrant
    87 | D        | Killed a tyrant
    88 | D        | Killed a meat beast
    88 | D        | Killed a dread
    88 | D        | Noticed a meat beast
    90 | D        | Noticed an accursed
    92 | D        | Noticed a tyrant
    92 | D        | Noticed a meat beast
    98 | D        | Killed a meat beast
    98 | D        | Killed a meat beast
   100 | D        | Killed a tyrant
   101 | D        | Killed an accursed
   106 | D        | Noticed a destroyer
   108 | D        | Killed a destroyer
   112 | D        | Noticed a dread
   114 | D        | Killed a dread
   115 | D        | Noticed a dread
   116 | D        | Killed a dread
   119 | D        | Noticed a fleshlord
   119 | D        | Killed a fleshlord
   120 | D        | Noticed a fleshlord
   120 | D        | Killed a fleshlord
   124 | D        | Noticed a fleshlord
   124 | D        | Noticed a fleshlord
   124 | D        | Killed a fleshlord
   124 | D        | Killed a fleshlord
   125 | D        | Noticed an accursed
   125 | D        | Noticed an accursed
   125 | D        | Noticed an accursed
   125 | D        | Noticed a fleshlord
   126 | D        | Noticed a fleshlord
   126 | D        | Killed a fleshlord
   126 | D        | Killed an accursed
   126 | D        | Killed a fleshlord
   126 | D        | Noticed a meat beast
   127 | D        | Noticed a fleshlord
   127 | D        | Noticed a tyrant
   127 | D        | Noticed a tyrant
   128 | D        | Noticed a dread
   129 | D        | Killed an accursed
   129 | D        | Noticed a meat beast
   129 | D        | Noticed a destroyer
   130 | D        | Killed a dread
   130 | D        | Killed a meat beast
   130 | D        | Noticed a meat beast
   131 | D        | Noticed a fleshlord
   131 | D        | Killed a meat beast
   131 | D        | Noticed a fleshlord
   133 | D        | Noticed a destroyer
   134 | D        | Killed a fleshlord
   135 | D        | Noticed a large bag of meat
   136 | D        | Killed a destroyer
   137 | D        | Killed a tyrant
   137 | D        | Noticed a fleshlord
   137 | D        | Noticed a fleshlord
   139 | D        | Killed a fleshlord
   139 | D        | Killed a tyrant
   139 | D        | Killed a large bag of meat
   139 | D        | Noticed a dread
   139 | D        | Noticed a fleshlord
   140 | D        | Noticed a large bag of meat
   140 | D        | Noticed a tyrant
   140 | D        | Noticed a destroyer
   141 | D        | Killed a fleshlord
   141 | D        | Noticed a fleshlord
   142 | D        | Killed a meat beast
   142 | D        | Noticed a dread
   143 | D        | Killed an accursed
   143 | D        | Noticed a fleshlord
   143 | D        | Noticed a dread
   143 | D        | Noticed The Captor
   144 | D        | Killed a fleshlord
   144 | D        | Noticed a destroyer
   144 | D        | Killed from afar by a wretched soul

Illustrated notes

Levels and vault maps discovered:
D:        meatsprint

Skill      XL: |  1  2  3  4  5  6  7  8  9 10 11 12 13 14 15 16 17 18 19 20 21 22 23 24 25 26 27 |
---------------+----------------------------------------------------------------------------------+-----
Axes           | 19 21 23 26 27 | 27.0
Dodging        | 18 20 22 24 27 | 27.0
Spellcasting   | 13 14 16 18 22 27 | 27.0
Fighting       | 5 14 20 27 | 27.0
Armour         | 7 19 27 | 27.0
Invocations    | 5 14 19 27 | 27.0
Stealth        | 4 19 27 | 27.0
Unarmed Combat | 4 21 27 | 27.0
Short Blades   | 5 13 16 19 22 27 | 27.0
Long Blades    | 5 13 16 19 22 27 | 27.0
Maces & Flails | 4 12 14 18 20 27 | 27.0
Polearms       | 4 12 14 18 20 27 | 27.0
Staves         | 5 13 16 19 22 27 | 27.0
Ranged Weapons | 4 12 14 18 20 27 | 27.0
Throwing       | 5 12 15 18 20 27 | 27.0
Shields        | 5 14 17 21 23 27 | 27.0
Evocations     | 5 14 17 21 23 27 | 27.0

Action                     |  1- 3 |  4- 6 |  7- 9 | 10-12 | 13-15 | 16-18 | 19-21 | 22-24 | 25-27 || total
---------------------------+-------+-------+-------+-------+-------+-------+-------+-------+-------++-------
  Melee: Executioner's axe |     1 |       |       |       |     5 |    10 |     7 |    13 |   126 ||   162
   Cast: Manifold Assault  |       |       |       |       |       |       |       |     1 |    27 ||    28
    Use: Scroll            |       |       |       |       |       |       |       |       |     2 ||     2
         Potion            |       |       |       |       |       |       |       |       |     1 ||     1
 Armour: Leather armour    |       |       |       |       |       |       |       |       |     1 ||     1
  Dodge: Dodged            |       |       |       |       |       |       |       |     1 |     6 ||     7
